 Dungeon Crawl Stone Soup version 0.30.0-10-gfe55d96785 (webtiles) character file.

Game seed: 2154623894773611311

11900 Strat the Skirmisher (level 11, -3/94 (99) HPs)
             Began as a Minotaur Hunter on May 15, 2023.
             Was an Elder of Ru.
             Slain by a shadow (23 damage)
             ... on level 11 of the Dungeon.
             The game lasted 00:18:36 (9215 turns).

Strat the Skirmisher (Minotaur Hunter)              Turns: 9215, Time: 00:18:36

HP:   -3/94 (99)    AC: 11    Str: 16    XL:     11   Next: 55%
MP:   10/10         EV: 15    Int:  6    God:    Ru [****..]
Gold: 568           SH:  0    Dex: 18    Spells: 10/10 levels left

rFire   x . .        a - +1 shortbow (flame)
rCold   . . .        (shield currently unavailable)
rNeg    . . .        g - +0 scale mail
rPois   .            (helmet restricted)
rElec   .            s - +1 cloak
rCorr   .            (no gloves)
SInv    .            (no boots)
Will    .....        (no amulet) Stlth
                     f - ring of ice
HPRegen 0.35/turn    t - ring of protection from fire
MPRegen 0.12/turn

%: no passive effects
@: drained
A: horns 2, inability to use devices, temperature sensitive, retaliatory
headbutt
a: Renounce Religion, Draw Out Power, Power Leap


You were on level 11 of the Dungeon.
You worshipped Ru.
Ru was greatly pleased with you.
You visited 2 branches of the dungeon, and saw 12 of its levels.

You collected 568 gold pieces.

Inventory:

Hand Weapons
 a - a +1 shortbow of flaming (weapon)
 k - a +0 scimitar of flaming
 D - the +11 Singing Sword {sonic wave}
   (You found it on level 7 of the Dungeon)
Missiles
 h - 23 poisoned darts
Armour
 g - a +0 scale mail (worn)
 s - a +1 cloak (worn)
Jewellery
 f - a ring of ice (left hand)
 m - a +4 ring of slaying
 p - a ring of fire
 r - a ring of see invisible
 t - a ring of protection from fire (right hand)
Wands
 z - a wand of roots (10)
 B - a wand of charming (7)
Scrolls
 b - 3 scrolls of immolation
 c - 2 scrolls of enchant weapon
 l - a scroll of fog
 y - a scroll of amnesia
 C - 2 scrolls of silence
Potions
 e - a potion of magic
 i - a potion of mutation
 j - 2 potions of flight
 q - 2 potions of curing
 u - a potion of attraction
 v - a potion of degeneration
 w - 2 potions of brilliance
 x - a potion of might


   Skills:
 - Level 10.0 Fighting
 + Level 13.3 Ranged Weapons
 - Level 10.0 Armour
 - Level 10.0 Dodging
 - Level 0.7 Stealth


You had 10 spell levels left.
You didn't know any spells.
Your spell library contained the following spells:

 Spells                   Type           Power      Damage    Failure   Level
 Beastly Appendage        Tmut           0%         N/A       80%         1
 Magic Dart               Conj           0%         1d3       80%         1
 Call Imp                 Summ           0%         N/A       91%         2
 Lesser Beckoning         Tloc           0%         N/A       91%         2
 Poisonous Vapours        Pois/Air       0%         N/A       91%         2
 Sublimation of Blood     Necr           0%         N/A       91%         2
 Wereblood                Tmut           0%         N/A       91%         2
 Dazzling Flash           Conj/Hex       0%         N/A       99%         3
 Gell's Gravitas          Tloc           0%         N/A       99%         3
 Mephitic Cloud           Conj/Pois/Air  0%         N/A       99%         3
 Spider Form              Tmut/Pois      0%         N/A       99%         3
 Teleport Other           Tloc           0%         N/A       99%         3
 Volatile Blastmotes      Fire/Tloc      0%         2d10      99%         3
 Iskenderun's Mystic Bla  Conj/Tloc      0%         2d3       100%        4
 Petrify                  Tmut/Erth      0%         N/A       100%        4
 Freezing Cloud           Conj/Ice/Air   0%         6-21      100%        5
 Metabolic Englaciation   Hex/Ice        0%         N/A       100%        5
 Starburst                Conj/Fire      0%         6d3       100%        6
 Statue Form              Tmut/Erth      0%         N/A       100%        6
 Summon Hydra             Summ           0%         N/A       100%        7


Dungeon Overview and Level Annotations

Branches:
Dungeon (11/15)            Temple (1/1) D:4            Lair (0/5) D:8
    Orc: D:9-12

Altars:
Ashenzari
Cheibriados
Dithmenos
Elyvilon
Fedhas
Gozag
Hepliaklqana
Kikubaaqudgha
Makhleb
Okawaru
Qazlal
Ru
Sif Muna
Trog
Uskayaw
Vehumet
Wu Jian
Xom
Yredelemnul
Zin
The Shining One

Shops:
D:2 *

Annotations:
D:10 Fannar


Innate Abilities, Weirdness & Mutations

You have a pair of horns on your head.
You cannot study or use magical devices.
You are sensitive to extremes of temperature. (rF-, rC-)
You reflexively headbutt those who attack you in melee.


Message History

Fire: a) +1 shortbow (flame)
Press: ? - help, Q - select action, (/) - cycle Shift-Dir - straight line, f/p - orc wizard
Aim: an orc wizard, wielding a +0 dagger and wearing a +0 robe (severely wounded, 67% to hit)
You shoot an arrow. The arrow hits the orc wizard!
The arrow burns the orc wizard.
You kill the orc wizard!
The orc completely misses you. You furiously retaliate!
You headbutt the orc, but do no damage.
You redirect the shadow's attack!
The shadow is stunned by your conviction and fails to attack.
Fire: a) +1 shortbow (flame)
Press: ? - help, Q - select action, (/) - cycle Shift-Dir - straight line, f - orc
Aim: an orc, wielding a +0 club (72% to hit)
You shoot an arrow. The arrow hits the orc!
The arrow burns the orc.
You kill the orc!
The orc hits you but does no damage. The shadow closely misses you.
You furiously retaliate!
You headbutt the shadow!
Fire: a) +1 shortbow (flame)
Press: ? - help, Q - select action, (/) - cycle Shift-Dir - straight line, f - orc
Aim: an orc, wielding a +0 club (72% to hit)
You shoot an arrow. The arrow hits the orc!
The arrow burns the orc.
You kill the orc!
The shadow barely misses you.
Fire: a) +1 shortbow (flame)
Press: ? - help, Q - select action, (/) - cycle Shift-Dir - straight line, f - orc wizard
Aim: an orc wizard, wielding a +0 dagger and wearing a +0 robe (67% to hit)
You shoot an arrow. The arrow hits the orc wizard!
The arrow burns the orc wizard.
The orc wizard is almost dead.
The shadow slips into darkness.
The shadow flickers and vanishes!
Deactivating autopickup; reactivate with Ctrl-A.
The orc wizard hits you but does no damage.
Fire: a) +1 shortbow (flame)
Press: ? - help, Q - select action, (/) - cycle Shift-Dir - straight line, f/p - orc wizard
Aim: an orc wizard, wielding a +0 dagger and wearing a +0 robe (almost dead, 67% to hit)
You shoot an arrow.
The arrow closely misses the orc wizard.
The shadow strikes at you from the darkness!
You die...

#.....S≈≈≈≈≈#
#.....~≈W≈≈≈#
#.....~≈≈≈≈#
#......≈≈≈#
#......≈≈#
##...)..##
........).#
........o{#
.....$..)@#
..######### .


You could see an orc wizard.

Vanquished Creatures
  Erica (D:10)
  2 two-headed ogres
  6 centaur zombies (D:10)
  Joseph (D:7)
  A gargoyle (D:9)
  A kobold demonologist (D:10)
  2 unseen horror zombies (D:10)
  A troll (D:9)
  Grinder (D:4)
  10 yaks
  Eustachio (D:6)
  Grum (D:10)
  2 vampire mosquitoes (D:10)
  Menkaure (D:7)
  2 acid dragons
  A water moccasin (D:9)
  5 orc warriors
  2 ice beasts
  A black bear (D:5)
  3 ogres
  3 wolves (D:10)
  3 centaurs
  2 kobold brigands (D:10)
  4 bullfrogs
  3 gnoll sergeants
  8 scorpions
  8 wights
  8 killer bees
  3 howler monkeys
  3 hounds
  An orc priest (D:7)
  5 iguanas
  10 orc wizards
  A howler monkey zombie (D:10)
  17 gnolls
  13 adders
  3 white imps
  2 ufetubi
  A worm (D:2)
  A dart slug (D:2)
  36 orcs
  6 ball pythons
  6 bats
  6 endoplasms
  2 giant cockroaches
  11 goblins
  11 hobgoblins
  4 jackals (D:2)
  A quokka (D:3)
  3 frilled lizards
  10 kobolds
  7 rats
247 creatures vanquished.

Vanquished Creatures (others)
  A centaur zombie (D:10)
  A vampire (D:10)
2 creatures vanquished.

Grand Total: 249 creatures vanquished

Notes
Turn   | Place    | Note
-------+----------+-------------------------------------------
     0 | D:1      | Strat the Minotaur Hunter began the quest for the Orb.
     0 | D:1      | Reached XP level 1. HP: 18/18 MP: 0/0
    73 | D:1      | Reached XP level 2. HP: 25/25 MP: 1/1
    84 | D:1      | Reached skill level 5 in Ranged Weapons
   466 | D:1      | Reached XP level 3. HP: 27/30 MP: 2/2
   565 | D:2      | Reached skill level 6 in Ranged Weapons
   580 | D:2      | Found a faded altar of an unknown god.
   669 | D:2      | Reached XP level 4. HP: 37/37 MP: 3/3
   716 | D:2      | Found Agym's Assorted Antiques.
  1167 | D:3      | Found a snail-covered altar of Cheibriados.
  1387 | D:3      | Reached skill level 7 in Ranged Weapons
  1387 | D:3      | Reached XP level 5. HP: 36/42 MP: 4/4
  1935 | D:4      | Noticed Grinder
  1979 | D:4      | Killed Grinder
  1980 | D:4      | Reached skill level 9 in Ranged Weapons
  1980 | D:4      | Reached XP level 6. HP: 45/50 MP: 5/5
  2177 | D:4      | Found a bloodstained altar of Trog.
  2194 | D:4      | Reached XP level 7. HP: 23/56 MP: 6/6
  2384 | D:4      | Found a staircase to the Ecumenical Temple.
  2390 | Temple   | Entered the Ecumenical Temple
  2437 | Temple   | Became a worshipper of Ru the Awakened
  2475 | D:4      | Found a burning altar of Makhleb.
  2533 | D:5      | Entered Level 5 of the Dungeon
  2579 | D:5      | Reached skill level 10 in Ranged Weapons
  2620 | D:5      | Reached skill level 1 in Armour
  2718 | D:5      | Found a broken altar of Ashenzari.
  2871 | D:5      | Reached XP level 8. HP: 66/66 MP: 7/7
  3357 | D:6      | Reached skill level 5 in Fighting
  3654 | D:6      | Reached skill level 5 in Dodging
  3783 | D:6      | Noticed Eustachio
  3792 | D:6      | Killed Eustachio
  3793 | D:6      | Reached skill level 5 in Armour
  3937 | D:6      | Found an ornate altar of the Wu Jian Council.
  3972 | D:6      | Gained mutation: You are sensitive to extremes of
                  | temperature. (rF-, rC-) [Ru sacrifice]
  3972 | D:6      | Reached * piety under Ru
  3972 | D:6      | Reached ** piety under Ru
  3979 | D:6      | Found a radiant altar of Vehumet.
  4154 | D:7      | Reached XP level 9. HP: 35/78 MP: 8/8
  4683 | D:7      | Noticed Menkaure
  4687 | D:7      | Killed Menkaure
  4944 | D:7      | Noticed Joseph
  4962 | D:7      | Killed Joseph
  5452 | D:7      | Found the +11 Singing Sword {sonic wave}
  5543 | D:8      | Found a staircase to the Lair.
  5632 | D:8      | Noticed a two-headed ogre
  5649 | D:8      | Killed a two-headed ogre
  5650 | D:8      | Reached XP level 10. HP: 40/90 MP: 9/9
  6219 | D:8      | You fall into a shaft and drop 1 floor!
  6801 | D:9      | Gained mutation: You cannot study or use magical devices.
                  | [Ru sacrifice]
  6801 | D:9      | Reached *** piety under Ru
  6801 | D:9      | Reached **** piety under Ru
  6815 | D:9      | Noticed a gargoyle
  6829 | D:9      | Killed a gargoyle
  7222 | D:9      | Found a shimmering blue altar of Sif Muna.
  7744 | D:10     | Entered Level 10 of the Dungeon
  7764 | D:10     | Reached skill level 10 in Fighting
  8244 | D:10     | Reached skill level 10 in Armour
  8334 | D:10     | Reached skill level 11 in Ranged Weapons
  8334 | D:10     | Reached XP level 11. HP: 96/99 MP: 10/10
  8385 | D:10     | Noticed Grum
  8390 | D:10     | Killed Grum
  8451 | D:10     | Noticed Erica
  8508 | D:10     | Noticed a two-headed ogre
  8514 | D:10     | Killed a two-headed ogre
  8515 | D:10     | Reached skill level 10 in Dodging
  8529 | D:10     | Killed Erica
  8530 | D:10     | Reached skill level 12 in Ranged Weapons
  8892 | D:10     | Found a basalt altar of Yredelemnul.
  8898 | D:10     | Reached skill level 13 in Ranged Weapons
  8906 | D:10     | Noticed Fannar
  9215 | D:11     | Slain by a shadow

Illustrated notes

Levels and vault maps discovered:
D:1:      dpeg_arrival_water_temple_mockup, layout_basic
D:2:      layout_rooms, basic_ecumenical_altar, serial_shops, shop
D:3:      layout_rooms, cheibriados_altar_1, serial_glass, glass_columns_c,
          glass_columns_b, glass_columns_b, glass_columns_a,
          cheibrodos_gnoll_hut
D:4:      layout_rooms, mainiacjoe_overflow_small_starburst,
          makhleb_heckhound_becter, minmay_temple_entry_enclosed_plants,
          kennysheep_generic_room_12, uniq_grinder
D:5:      wad_pebble_path, layout_basic, overflow_temple_1_default,
          chequers_serial_rivers_large_b
D:6:      layout_rooms, mainiacjoe_overflow_swirl, uniq_eustachio
D:7:      old_forge, layout_loops_corners, dk_noncrumbling_4, uniq_menkaure,
          uniq_joseph
D:8:      layout_cave_pods, dpeg_oklobed_lair, st_stairs_8, minmay_door_square,
          minivault_14
D:9:      layout_grid_maze, lemuel_doored_altar
D:10:     layout_irregular_city, nicolae_yredelemnul_corpse_copse, uniq_grum,
          uniq_fannar, uniq_erica
D:11:     minmay_twisted_water, layout_irregular_city, orc_0_dummy,
          eat_drink_and_be_merry_uskayaw, uniq_sonja
Temple:   eino_temple_water

Skill      XL: |  1  2  3  4  5  6  7  8  9 10 11 |
---------------+----------------------------------+-----
Ranged Weapons | 5 6 7 9 10 11 13 | 13.3
Armour         | 3 5 8 10 | 10.0
Fighting       | 4 6 8 10 | 10.0
Dodging        | 3 5 8 9 10 | 10.0
Stealth        | |  0.7

Action                     |  1- 3 |  4- 6 |  7- 9 | 10-12 || total
---------------------------+-------+-------+-------+-------++-------
   Fire: Shortbow          |    87 |   124 |   231 |   354 ||   796
 Invoke: Sacrifice Resista |       |       |     1 |       ||     1
         Sacrifice Artific |       |       |       |     1 ||     1
         Draw Out Power    |       |       |       |     1 ||     1
    Use: Scroll            |       |    12 |     8 |     6 ||    26
         Potion            |       |       |     1 |     6 ||     7
 Armour: Scale mail        |    24 |    30 |    33 |   122 ||   209
         Leather armour    |     1 |       |       |       ||     1
  Dodge: Dodged            |    29 |    32 |    56 |   184 ||   301
